[Event "Redbull chessmasters 2019"]
[Site "Istambul"]
[Date "2019.11.24"]
[Round "1.1"]
[White "Aliakbarov, Anar"]
[Black "Kilic, Ihsan"]
[Result "1-0"]
[ECO "D35"]
[WhiteElo "2219"]
[BlackElo "1941"]
[Annotator "ChessBase"]
[PlyCount "53"]
[EventDate "2019.11.23"]
[EventType "k.o."]
[EventCountry "TUR"]
[SourceTitle "playchess.com"]
[Source "ChessBase"]
[SourceQuality "1"]
[TimeControl "600+5"]

1. d4 d5 2. c4 e6 3. cxd5 exd5 4. Nc3 Nf6 5. Bg5 Be7 6. e3 O-O 7. Bd3 Nbd7 8. Nge2 b6 9. O-O Bb7 10. Qc2 h6 11. Bh4 a6 12. f3 c5 13. Rad1 Rc8 14. Rfe1 Re8 15. h3 b5 16. dxc5 Rxc5 17. a3 Qa8 18. Nd4 Bf8 19. Kh1 Rcc8 20. Bf5 Rc4 21. Bd3 Rcc8 22. Qf2 Be7 23. Nf5 Bxa3 24. bxa3 Rxc3 25. Qg3 g6 26. Nxh6+ Kf8 27. Nxf7 1-0

[Event "Redbull chessmasters 2019"]
[Site "Istambul"]
[Date "2019.11.24"]
[Round "1.3"]
[White "Kesgin, Halit Kaan"]
[Black "Tofan, Ismail"]
[Result "0-1"]
[ECO "C41"]
[WhiteElo "2061"]
[BlackElo "1685"]
[Annotator "NA"]
[PlyCount "76"]
[EventDate "2019.11.23"]
[EventType "k.o."]
[EventCountry "TUR"]
[SourceTitle "playchess.com"]
[Source "ChessBase"]
[SourceQuality "1"]
[TimeControl "600+5"]

1. e4 d6 2. d4 Nf6 3. Nc3 Nbd7 4. Nf3 e5 5. Bc4 Be7 6. O-O h6 7. Re1 c6 8. a4 O-O 9. h3 Qc7 10. Ba2 Re8 11. Be3 Nf8 12. Qd2 Be6 13. d5 cxd5 14. exd5 Bf5 15. Nb5 Qb8 16. c4 Ne4 17. Qc1 Nd7 18. b4 Rc8 19. Qb2 a6 20. Nc3 Nxc3 21. Qxc3 b5 22. Rac1 bxc4 23. Bxc4 Nb6 24. Qb3 Qb7 25. Bxb6 Qxb6 26. a5 Qb7 27. Bf1 Rab8 28. Rxc8+ Rxc8 29. Bd3 Bxd3 30. Qxd3 Qxb4 31. Qxa6 Rc5 32. Qa8+ Bf8 33. Ra1 e4 34. Nh4 e3 35. Nf5 exf2+ 36. Kh1 Qf4 37. Ne7+ Kh7 38. Qxf8 f1=Q+ 0-1

[Event "Redbull chessmasters 2019"]
[Site "Istambul"]
[Date "2019.11.24"]
[Round "1.5"]
[White "Kilic, Efe Mert"]
[Black "Ozenir, Ekin Baris"]
[Result "0-1"]
[ECO "B00"]
[WhiteElo "2247"]
[BlackElo "2274"]
[Annotator "ChessBase"]
[PlyCount "110"]
[EventDate "2019.11.23"]
[EventType "k.o."]
[EventCountry "TUR"]
[SourceTitle "playchess.com"]
[Source "ChessBase"]
[SourceQuality "1"]
[TimeControl "600+5"]

1. e4 Nc6 2. Nc3 Nf6 3. f4 d5 4. e5 Nd7 5. e6 fxe6 6. d4 g6 7. Nf3 Bg7 8. h4 Nf6 9. Ne5 Nxe5 10. fxe5 Nh5 11. g4 Ng3 12. Rg1 Nxf1 13. Rxf1 Rf8 14. Rxf8+ Kxf8 15. Be3 Kg8 16. Qd2 c5 17. O-O-O cxd4 18. Bxd4 Bd7 19. Kb1 Qa5 20. h5 Rf8 21. hxg6 hxg6 22. Qd3 Be8 23. Rh1 Rf4 24. Qe3 g5 25. Bxa7 Qa6 26. Bc5 Rf1+ 27. Rxf1 Qxf1+ 28. Qc1 Qxc1+ 29. Kxc1 Bxe5 30. Bxe7 Bf4+ 31. Kd1 Bc6 32. Ne2 Be3 33. Bf6 Kf7 34. Be5 Bb5 35. c3 Bc4 36. b3 Bd3 37. a4 Be4 38. Bd4 Bxd4 39. Nxd4 e5 40. Nb5 Ke6 41. b4 Bf3+ 42. Kd2 Bxg4 43. a5 Kd7 44. Ke3 Bf5 45. Na3 g4 46. b5 Kc7 47. c4 d4+ 48. Kf2 e4 49. c5 e3+ 50. Ke2 g3 51. Kf3 e2 52. Kxe2 d3+ 53. Kf3 d2 54. Ke2 g2 55. Nc4 d1=Q+ 0-1

[Event "Redbull chessmasters 2019"]
[Site "Istambul"]
[Date "2019.11.24"]
[Round "1.8"]
[White "Sahin, Handenur"]
[Black "Kalayci, Nino"]
[Result "1-0"]
[ECO "C06"]
[WhiteElo "2014"]
[BlackElo "1852"]
[Annotator "NA"]
[PlyCount "109"]
[EventDate "2019.11.23"]
[EventType "k.o."]
[EventCountry "TUR"]
[SourceTitle "playchess.com"]
[Source "ChessBase"]
[SourceQuality "1"]
[TimeControl "600+5"]

1. e4 e6 2. d4 d5 3. Nd2 Nf6 4. e5 Nfd7 5. Bd3 c5 6. c3 Nc6 7. Ne2 Qb6 8. Nf3 cxd4 9. cxd4 Bb4+ 10. Bd2 Bxd2+ 11. Qxd2 Qb4 12. O-O Qxd2 13. Nxd2 Nb4 {[%emt 0:00:05] C06: French Tarrasch: 3...Nf6 4 e5 Nfd7 5 Bd3 main lines} 14. Bb1 f6 15. Nf4 $146 ({Predecessor:} 15. f4 b6 16. a3 Ba6 17. axb4 Bxe2 18. Re1 Bb5 19. exf6 Nxf6 20. Rxe6+ Kf7 21. Re5 {½-½ (62) Kotzem,E (2185)-Roth,L (2156) Dresden 2004}) 15... Kf7 16. exf6 gxf6 17. a3 Nc6 18. Nf3 Nb6 19. Ba2 Bd7 20. Rac1 Rac8 21. Nd3 Rce8 22. Nc5 Bc8 23. Rfe1 Rhg8 24. b4 a6 (24... Rd8 $14) 25. Nxa6 Rg4 26. Nc7 Reg8 27. g3 Nxd4 28. Nxd4 Rxd4 29. Nb5 Rd2 30. Nd6+ Ke7 $11 31. Nxc8+ Rxc8 32. Rxc8 Nxc8 33. Bb1 Kd6 34. Bxh7 Ra2 35. Re3 d4 36. Rd3 e5 37. Bg8 Ra1+ 38. Kg2 Ne7 39. Bc4 Nc6 40. b5 Ne7 41. g4 Kc5 42. Bf7 e4 43. Rd2 Rxa3 44. h4 Rd3 45. Re2 e3 46. fxe3 dxe3 47. Kf3 Kd4 48. h5 Nc8 49. Bg6 Rc3 50. h6 Nd6 51. h7 Rc8 52. Rxe3 Nc4 53. Re4+ Kd3 54. Re8+ Kd4 55. Rxc8 1-0

[Event "Redbull chessmasters 2019"]
[Site "Istambul"]
[Date "2019.11.24"]
[Round "1.13"]
[White "Ererdem, Gani Eren"]
[Black "Alaz, Ahmet Efekan"]
[Result "1-0"]
[ECO "D93"]
[WhiteElo "2105"]
[BlackElo "2288"]
[Annotator "ChessBase"]
[PlyCount "75"]
[EventDate "2019.11.23"]
[EventType "k.o."]
[EventCountry "TUR"]
[SourceTitle "playchess.com"]
[Source "ChessBase"]
[SourceQuality "1"]
[TimeControl "600+5"]

1. d4 d5 2. Nf3 Nf6 3. c4 c6 4. Qc2 g6 5. Bf4 Bg7 6. e3 Bf5 7. Qb3 Qb6 8. Nc3 O-O 9. c5 Qxb3 10. axb3 Nbd7 11. h3 Ne4 12. b4 a6 13. Be2 f6 14. O-O e5 15. Bh2 Rfe8 16. Rfd1 Nxc3 17. bxc3 Be6 18. Rac1 Rad8 19. Nd2 f5 20. Nb3 b6 21. cxb6 Nxb6 22. Bxa6 Bc8 23. Bf1 Bb7 24. Nc5 Bc8 25. Ra1 Nd7 26. Nxd7 Bxd7 27. Ra7 Bf6 28. dxe5 Bxe5 29. Bxe5 Rxe5 30. c4 Be6 31. b5 cxb5 32. cxb5 Rb8 33. Rc1 Rc8 34. Rxc8+ Bxc8 35. Ra8 Re8 36. b6 Kf7 37. Bb5 Rd8 38. b7 1-0

[Event "Redbull chessmasters 2019"]
[Site "Istambul"]
[Date "2019.11.24"]
[Round "1.16"]
[White "Yanik, Sural Emine"]
[Black "Gur, Tuba"]
[Result "1-0"]
[ECO "D03"]
[WhiteElo "1834"]
[BlackElo "1782"]
[Annotator "NA"]
[PlyCount "117"]
[EventDate "2019.11.23"]
[EventType "k.o."]
[EventCountry "TUR"]
[SourceTitle "playchess.com"]
[Source "ChessBase"]
[SourceQuality "1"]
[TimeControl "600+5"]

1. d4 d5 2. Nf3 Nf6 3. Bg5 e6 4. e3 Be7 5. Bd3 c5 6. c3 {[%emt 0:00:05] D03: 1 d4 d5 2 Nf3 Nf6 3 Bg5, including Torre Attack with early ...d5} (6. O-O Nbd7 7. c3 b6 8. Nbd2 Bb7 9. a3 Ne4 10. Bxe7 Qxe7 11. Bb5 O-O 12. Bxd7 Qxd7 13. Ne5 Qc7 14. f4 f6 15. Nef3 cxd4 16. Nxe4 dxe4 17. Nxd4 {½-½ (61) Velten,P (2437)-Apicella,M (2520) Nimes 2014}) 6... Qb6 7. Qc2 Nc6 8. O-O h6 9. Bh4 c4 $146 ({Predecessor:} 9... Bd7 10. dxc5 Qxc5 11. b4 Qb6 12. a4 Rc8 13. a5 Qd8 14. Qa2 {0-1 (44) Schneider,A (2061)-Orlova,L (2004) Bad Neuenahr 2014}) 10. Be2 Qc7 ({Better is} 10... g5 $11 11. Bg3 Ne4) 11. Nbd2 b5 12. e4 dxe4 13. Nxe4 Nxe4 14. Qxe4 Bb7 15. b3 Na5 16. Qg4 O-O 17. Bxe7 Qxe7 18. b4 Nc6 19. a4 a6 20. Rfe1 Qc7 21. Bd1 Ne7 22. Bc2 Bc6 23. Ne5 f5 24. Qh5 Bd5 25. a5 Qb7 26. Qh3 Nc6 27. f4 $14 Nxe5 28. Rxe5 Qf7 29. Bd1 g5 30. Qxh6 gxf4 31. Qxf4 Qg6 32. Qg3 Qxg3 33. hxg3 Rf6 34. Bf3 Rd8 35. Rae1 Kf7 36. Bxd5 Rxd5 37. Rxd5 exd5 38. Re5 f4 39. gxf4 Rxf4 40. Rxd5 Ke6 41. Rh5 Rf6 42. Re5+ Kd6 43. g4 Rf3 44. Kg2 Rxc3 45. Rh5 Re3 46. Rh6+ Re6 47. Rh8 Kd5 48. Rd8+ Ke4 49. d5 Rg6 50. Kg3 c3 51. d6 c2 52. Rc8 Kd3 53. d7 Rd6 54. d8=Q Rxd8 55. Rxd8+ Kc3 56. g5 Kb2 57. g6 Kc1 58. g7 Kb2 59. g8=Q 1-0

[Event "Redbull chessmasters 2019"]
[Site "Istambul"]
[Date "2019.11.24"]
[Round "2.1"]
[White "Kilic, Ihsan"]
[Black "Aliakbarov, Anar"]
[Result "0-1"]
[ECO "D02"]
[WhiteElo "1941"]
[BlackElo "2219"]
[Annotator "ChessBase"]
[PlyCount "97"]
[EventDate "2019.11.23"]
[EventType "k.o."]
[EventCountry "TUR"]
[SourceTitle "playchess.com"]
[Source "ChessBase"]
[SourceQuality "1"]
[TimeControl "600+5"]

1. d4 d5 2. Nf3 Nf6 3. g3 e6 4. Bg2 Be7 5. O-O O-O 6. b3 c5 7. e3 Nc6 8. Bb2 cxd4 9. exd4 b6 10. Nbd2 Bb7 11. a3 Rc8 12. Rc1 b5 13. Re1 Bd6 14. Ne5 Qe7 15. b4 a5 16. c3 Bxe5 17. dxe5 Nd7 18. f4 Nb6 19. Nb3 Na4 20. Ba1 Rfd8 21. Qe2 axb4 22. cxb4 Ba6 23. Nd4 Nxd4 24. Bxd4 Rc4 25. Qe3 Rdc8 26. Bf1 R4c6 27. Rxc6 Rxc6 28. Rc1 Qc7 29. Rxc6 Qxc6 30. Bd3 g6 31. Bb1 Bc8 32. h4 Bd7 33. h5 Qc4 34. Kf2 Qc6 35. g4 Kf8 36. hxg6 hxg6 37. f5 exf5 38. Qh6+ Ke7 39. gxf5 gxf5 40. Qg5+ Ke8 41. Qg8+ Ke7 42. Qg5+ Ke8 43. Qg8+ Ke7 44. Qg5+ Ke8 45. e6 Bxe6 46. Bf6 Kd7 47. Qg8 Qc8 48. Qg3 Qc1 49. Qg8 0-1

[Event "Redbull chessmasters 2019"]
[Site "Istambul"]
[Date "2019.11.24"]
[Round "2.2"]
[White "Eren, Ataberk"]
[Black "Cil, Batuhan"]
[Result "1-0"]
[ECO "D02"]
[WhiteElo "2284"]
[BlackElo "1737"]
[Annotator "ChessBase"]
[PlyCount "80"]
[EventDate "2019.11.23"]
[EventType "k.o."]
[EventCountry "TUR"]
[SourceTitle "playchess.com"]
[Source "ChessBase"]
[SourceQuality "1"]
[TimeControl "600+5"]

1. d4 d5 2. Nf3 Nf6 3. Bf4 e6 4. e3 c5 5. c3 Nc6 6. Nbd2 Bd6 7. Bg3 O-O 8. Bb5 Qe7 9. O-O Bxg3 10. hxg3 Bd7 11. Bxc6 Bxc6 12. Ne5 Nd7 13. Nxd7 Bxd7 14. Qb3 Bc6 15. Qa3 b6 16. b4 Bb5 17. Rfb1 cxb4 18. Qxb4 Qxb4 19. Rxb4 Rfc8 20. Rxb5 Rxc3 21. a4 Rac8 22. a5 Rc2 23. Nf1 Re2 24. axb6 axb6 25. Rxb6 g5 26. Nh2 h5 27. Nf3 Rcc2 28. Rf1 g4 29. Ne5 Rc7 30. Nd3 Rcc2 31. Nf4 Red2 32. Nxh5 Kf8 33. Rb8+ Ke7 34. Rb7+ Kf8 35. Nf6 Kg7 36. Nxg4 Rc8 37. Ne5 Rf8 38. g4 Rc2 39. g5 Rcc8 40. g6 Kf6 1-0

[Event "Redbull chessmasters 2019"]
[Site "Istambul"]
[Date "2019.11.24"]
[Round "2.3"]
[White "Tofan, Ismail"]
[Black "Kesgin, Halit Kaan"]
[Result "0-1"]
[ECO "A13"]
[WhiteElo "1685"]
[BlackElo "2061"]
[Annotator "NA"]
[PlyCount "38"]
[EventDate "2019.11.23"]
[EventType "k.o."]
[EventCountry "TUR"]
[SourceTitle "playchess.com"]
[Source "ChessBase"]
[SourceQuality "1"]
[TimeControl "600+5"]

1. Nf3 d5 2. b3 Nf6 3. Bb2 e6 4. e3 c5 5. c4 Nc6 6. Be2 Be7 7. O-O O-O 8. Nc3 d4 9. exd4 cxd4 10. Nb5 d3 11. Bxd3 Qxd3 12. Ne5 Nxe5 13. Bxe5 Bd7 14. Nc3 Bc6 15. Re1 Rad8 16. Bf4 Bc5 17. a3 a5 18. h4 Qg6 19. Bg3 Qxg3 0-1

[Event "Redbull chessmasters 2019"]
[Site "Istambul"]
[Date "2019.11.24"]
[Round "2.4"]
[White "Yildiz Kadioglu, Betul Cemre"]
[Black "Ozdemir, Cemre"]
[Result "1-0"]
[ECO "D30"]
[WhiteElo "2338"]
[BlackElo "1326"]
[Annotator "ChessBase"]
[PlyCount "42"]
[EventDate "2019.11.23"]
[EventType "k.o."]
[EventCountry "TUR"]
[SourceTitle "playchess.com"]
[Source "ChessBase"]
[SourceQuality "1"]
[TimeControl "600+5"]

1. d4 d5 2. Nf3 Nf6 3. c4 c6 4. e3 e6 5. Nbd2 Nbd7 6. Bd3 Bb4 7. O-O O-O 8. a3 Be7 9. e4 dxc4 10. Nxc4 b5 11. Ne3 Bb7 12. b4 a5 13. Bd2 axb4 14. axb4 Nb6 15. Qc2 Ra4 16. Qb2 Qd7 17. Bc2 Raa8 18. Qc3 Na4 19. Qd3 Rfd8 20. e5 g6 21. exf6 Bxf6 1-0

[Event "Redbull chessmasters 2019"]
[Site "Istambul"]
[Date "2019.11.24"]
[Round "2.5"]
[White "Ozenir, Ekin Baris"]
[Black "Kilic, Efe Mert"]
[Result "1-0"]
[ECO "D35"]
[WhiteElo "2274"]
[BlackElo "2247"]
[Annotator "ChessBase"]
[PlyCount "72"]
[EventDate "2019.11.23"]
[EventType "k.o."]
[EventCountry "TUR"]
[SourceTitle "playchess.com"]
[Source "ChessBase"]
[SourceQuality "1"]
[TimeControl "600+5"]

1. d4 d5 2. c4 e6 3. Nc3 Nf6 4. cxd5 exd5 5. Bg5 Be7 6. e3 Nbd7 7. Bd3 Nf8 8. Qc2 Ne6 9. Bh4 h6 10. Nge2 b6 11. O-O O-O 12. f4 c5 13. f5 Ng5 14. Nf4 a6 15. Be2 Bb7 16. Rad1 c4 17. Bxg5 hxg5 18. Nh3 Ne8 19. Bf3 b5 20. a3 Qd7 21. Kh1 a5 22. e4 dxe4 23. Nxe4 f6 24. Nc5 Bxc5 25. dxc5 Qc7 26. Bxb7 Qxb7 27. Nf2 Nc7 28. Ne4 Nd5 29. Nd6 Qc6 30. Qe4 c3 31. Rxd5 cxb2 32. Qe6+ Kh7 33. Rd3 g4 34. Qb3 Qxc5 35. Qxb2 Rfd8 36. Rfd1 b4 1-0

[Event "Redbull chessmasters 2019"]
[Site "Istambul"]
[Date "2019.11.24"]
[Round "2.7"]
[White "Sabahi, Cem"]
[Black "Gunduz, Umut Erdem"]
[Result "0-1"]
[ECO "B12"]
[WhiteElo "1604"]
[BlackElo "2172"]
[Annotator "ChessBase"]
[PlyCount "54"]
[EventDate "2019.11.23"]
[EventType "k.o."]
[EventCountry "TUR"]
[SourceTitle "playchess.com"]
[Source "ChessBase"]
[SourceQuality "1"]
[TimeControl "600+5"]

1. e4 c6 2. d4 g6 3. Nf3 Na6 4. Bd3 Bg7 5. c3 Nc7 6. O-O d5 7. exd5 cxd5 8. Bf4 Nf6 9. Nbd2 O-O 10. Re1 Nh5 11. Be5 f6 12. Bxc7 Qxc7 13. Qb3 Rd8 14. c4 Nf4 15. Bf1 Kh8 16. Qe3 dxc4 17. Bxc4 Bf5 18. Qxe7 Qb6 19. Nb3 Rac8 20. Rac1 a5 21. h3 a4 22. Nc5 Qxb2 23. Qxb7 Qa3 24. Qb5 Nxh3+ 25. Kf1 Bf8 26. Be6 Rxc5 27. dxc5 Bd3+ 0-1

[Event "Redbull chessmasters 2019"]
[Site "Istambul"]
[Date "2019.11.24"]
[Round "2.8"]
[White "Kalayci, Nino"]
[Black "Sahin, Handenur"]
[Result "0-1"]
[ECO "A12"]
[WhiteElo "1852"]
[BlackElo "2014"]
[Annotator "NA"]
[PlyCount "60"]
[EventDate "2019.11.23"]
[EventType "k.o."]
[EventCountry "TUR"]
[SourceTitle "playchess.com"]
[Source "ChessBase"]
[SourceQuality "1"]
[TimeControl "600+5"]

1. b3 d5 2. e3 Nf6 3. Bb2 c6 4. Nf3 Bg4 5. Be2 Nbd7 6. d4 e6 7. Nbd2 Bd6 8. O-O O-O 9. Ne5 Bxe2 10. Qxe2 Qe7 11. c4 Ba3 12. Bxa3 Qxa3 13. f4 Rac8 14. g4 b5 15. g5 Nxe5 16. fxe5 Ne4 17. Nxe4 dxe4 18. c5 a5 19. Rf4 a4 20. Rb1 Ra8 21. b4 Rfd8 22. Rxe4 Qc3 23. Rh4 a3 24. Rb3 Qxb3 25. axb3 a2 26. Qh5 a1=Q+ 27. Kf2 Ra2+ 28. Kg3 Qg1+ 29. Kf4 Qf2+ 30. Ke4 Qf5# 0-1

[Event "Redbull chessmasters 2019"]
[Site "Istambul"]
[Date "2019.11.24"]
[Round "2.9"]
[White "Inan, Canberk"]
[Black "Tasdogen, Dincer"]
[Result "1/2-1/2"]
[ECO "A21"]
[WhiteElo "1941"]
[BlackElo "2301"]
[Annotator "ChessBase"]
[PlyCount "96"]
[EventDate "2019.11.23"]
[EventType "k.o."]
[EventCountry "TUR"]
[SourceTitle "playchess.com"]
[Source "ChessBase"]
[SourceQuality "1"]
[TimeControl "600+5"]

1. d4 d6 2. c4 e5 3. Nc3 exd4 4. Qxd4 Nc6 5. Qd2 Nf6 6. Nf3 Be6 7. e3 d5 8. cxd5 Nxd5 9. Bb5 Bb4 10. e4 Nf6 11. O-O O-O 12. Qe2 Bg4 13. Bxc6 bxc6 14. Bg5 h6 15. Bh4 g5 16. Bg3 Re8 17. e5 Bxc3 18. bxc3 Nh5 19. h3 Nxg3 20. fxg3 Bh5 21. g4 Bg6 22. Rad1 Qe7 23. Qc4 Qe6 24. Qxe6 Rxe6 25. Rd7 c5 26. Rxc7 Ra6 27. Rf2 Rd8 28. Rxc5 Rd1+ 29. Kh2 Ra1 30. Nd4 R1xa2 31. Rxa2 Rxa2 32. Nf5 Kh7 33. Rc7 Re2 34. Nd6 Kg8 35. Rxa7 Rxe5 36. c4 Rc5 37. Ra4 Kf8 38. Rb4 Bd3 39. Kg3 Rc6 40. Nf5 Ke8 41. Ne3 Rc5 42. Kf3 Kf8 43. Rb6 Bxc4 44. Nxc4 Rxc4 45. Rxh6 Kg7 46. Ra6 Rf4+ 47. Kg3 Rb4 48. Ra5 Kg6 1/2-1/2

[Event "Redbull chessmasters 2019"]
[Site "Istambul"]
[Date "2019.11.24"]
[Round "2.10"]
[White "Burcu, Cagatay"]
[Black "Ozdemir, Serhan Berat"]
[Result "1-0"]
[ECO "A45"]
[WhiteElo "2331"]
[BlackElo "2096"]
[Annotator "NA"]
[PlyCount "143"]
[EventDate "2019.11.23"]
[EventType "k.o."]
[EventCountry "TUR"]
[SourceTitle "playchess.com"]
[Source "ChessBase"]
[SourceQuality "1"]
[TimeControl "600+5"]

1. d4 Nf6 2. Bf4 g6 3. Nc3 d5 4. e3 Bg7 5. h4 h5 6. Nf3 O-O 7. Be2 c5 8. Qd2 Nc6 9. O-O-O Bf5 10. dxc5 Qa5 11. Nd4 Nxd4 12. exd4 b6 13. c6 Rac8 14. c7 a6 15. Kb1 Kh8 16. Be5 b5 17. Bxf6 exf6 18. Nxd5 Qxd2 19. Rxd2 Be4 20. Ne3 Bh6 21. Bd3 Bxg2 22. Rg1 Bf3 23. Be2 Bb7 24. d5 Rxc7 25. d6 Rd7 26. Rd4 Re8 27. a4 Bxe3 28. fxe3 Rxe3 29. Bd3 Bc6 30. axb5 axb5 31. Rd1 f5 32. Kc1 Kg7 33. c4 bxc4 34. Bxc4 Kf6 35. b4 Re4 36. b5 Bb7 37. Bf1 Rxd4 38. Rxd4 Ke5 39. Rc4 Rxd6 40. Rc7 Bd5 41. Kb2 Kd4 42. Ka3 f4 43. Kb4 f3 44. Ka5 f2 45. b6 f5 46. b7 Bxb7 47. Rxb7 Re6 48. Rb2 Re5+ 49. Kb6 Ke3 50. Re2+ Kf4 51. Rxf2+ Kg3 52. Rg2+ Kxh4 53. Rxg6 Re1 54. Bc4 f4 55. Bd5 Re5 56. Kc6 Rg5 57. Rf6 Kg3 58. Kc5 h4 59. Kd4 h3 60. Bc6 h2 61. Kd3 Rc5 62. Be4 Re5 63. Rg6+ Kh4 64. Rh6+ Rh5 65. Rf6 Kg3 66. Rg6+ Kf2 67. Bh1 Rh3+ 68. Ke4 Rg3 69. Ra6 Rg1 70. Kxf4 Rxh1 71. Ra2+ Kf1 72. Kf3 1-0

[Event "Redbull chessmasters 2019"]
[Site "Istambul"]
[Date "2019.11.24"]
[Round "2.11"]
[White "Ozsakallioglu, Okan"]
[Black "Yazici, Ugur Doga"]
[Result "1/2-1/2"]
[ECO "E05"]
[WhiteElo "2072"]
[BlackElo "2195"]
[Annotator "ChessBase"]
[PlyCount "107"]
[EventDate "2019.11.23"]
[EventType "k.o."]
[EventCountry "TUR"]
[SourceTitle "playchess.com"]
[Source "ChessBase"]
[SourceQuality "1"]
[TimeControl "600+5"]

1. Nf3 Nf6 2. g3 e6 3. Bg2 d5 4. d4 Be7 5. O-O O-O 6. c4 dxc4 7. Qc2 a6 8. a4 Nc6 9. Qxc4 Qd5 10. Nbd2 Qxc4 11. Nxc4 Rd8 12. Rd1 Nb4 13. Bf4 Nfd5 14. Be5 f6 15. Bf4 Nxf4 16. gxf4 Bd7 17. b3 Bc6 18. Rac1 a5 19. e3 Be4 20. Ne1 Bxg2 21. Kxg2 b6 22. Nd3 Rd7 23. Nxb4 Bxb4 24. Rc2 Kf7 25. Kf3 Ke7 26. Nb2 c5 27. Nc4 Rb8 28. Rg1 g6 29. dxc5 Bxc5 30. h4 Rd3 31. h5 Kf7 32. hxg6+ hxg6 33. Nd2 Rbd8 34. Ne4 R8d5 35. Rh1 Kg7 36. Rhc1 Rxb3 37. Nxc5 bxc5 38. Rxc5 Rb4 39. R5c4 Rxc4 40. Rxc4 f5 41. Rc6 Kf6 42. Ke2 Ke7 43. Rc7+ Kd6 44. Rg7 Kc5 45. Rxg6 Rd6 46. f3 Rb6 47. Rf6 Kd5 48. Kd3 Rb3+ 49. Kd2 Rb4 50. Kd3 Rxa4 51. e4+ fxe4+ 52. fxe4+ Rxe4 53. f5 a4 54. Rxe6 1/2-1/2

[Event "Redbull chessmasters 2019"]
[Site "Istambul"]
[Date "2019.11.24"]
[Round "2.12"]
[White "Aydin, Leyla"]
[Black "Duru, Ipek"]
[Result "0-1"]
[ECO "C47"]
[WhiteElo "1333"]
[BlackElo "1566"]
[Annotator "NA"]
[PlyCount "112"]
[EventDate "2019.11.23"]
[EventType "k.o."]
[EventCountry "TUR"]
[SourceTitle "playchess.com"]
[Source "ChessBase"]
[SourceQuality "1"]
[TimeControl "600+5"]

1. e4 e5 2. Nf3 Nc6 3. d4 exd4 4. Nxd4 Nf6 5. Nc3 Bb4 6. f3 O-O 7. Be3 Bxc3+ 8. bxc3 Ne5 9. Bd3 d5 10. O-O dxe4 11. fxe4 Nfg4 12. Qe2 Qh4 13. h3 Nxe3 14. Qxe3 c5 15. Nf3 Qg3 16. Qf2 Qf4 17. Rad1 Be6 18. Be2 b6 19. Nh2 Qxe4 20. Bf3 Nxf3+ 21. Nxf3 Bxa2 22. Rfe1 Qf5 23. Nh4 Qxf2+ 24. Kxf2 Rad8 25. Nf5 Be6 26. Ne7+ Kh8 27. Nc6 Rxd1 28. Rxd1 a6 29. Ra1 Rc8 30. Ne5 f6 31. Nf3 Bc4 32. Nd2 Bb5 33. c4 Rd8 34. Ke3 Rxd2 35. Kxd2 Bxc4 36. Rb1 b5 37. Kc3 Bd5 38. g3 b4+ 39. Kb2 Kg8 40. Rd1 Be6 41. Rd6 Bxh3 42. Rxa6 c4 43. Rb6 b3 44. Rb8+ Kf7 45. c3 Bf5 46. Rb7+ Kg6 47. Kc1 h5 48. Kd2 Kh6 49. Ke3 g5 50. Kd4 Bd3 51. Rb6 Kg6 52. Rb8 h4 53. gxh4 gxh4 54. Rg8+ Kf5 55. Rh8 b2 56. Rb8 b1=Q 0-1

[Event "Redbull chessmasters 2019"]
[Site "Istambul"]
[Date "2019.11.24"]
[Round "2.13"]
[White "Alaz, Ahmet Efekan"]
[Black "Ererdem, Gani Eren"]
[Result "1-0"]
[ECO "D05"]
[WhiteElo "2288"]
[BlackElo "2105"]
[Annotator "ChessBase"]
[PlyCount "57"]
[EventDate "2019.11.23"]
[EventType "k.o."]
[EventCountry "TUR"]
[SourceTitle "playchess.com"]
[Source "ChessBase"]
[SourceQuality "1"]
[TimeControl "600+5"]

1. d4 Nf6 2. Nf3 e6 3. e3 c5 4. Nbd2 d5 5. c3 Bd6 6. Bd3 O-O 7. O-O cxd4 8. exd4 b6 9. Qe2 Bb7 10. Ne5 Nc6 11. f4 Ne7 12. g4 g6 13. g5 Nh5 14. Rf2 Nf5 15. Nf1 Qe7 16. Bd2 f6 17. Ng4 Rae8 18. Re1 Bc6 19. Bxf5 exf5 20. Nh6+ Kg7 21. Nxf5+ gxf5 22. Qxh5 Qf7 23. Qh6+ Kh8 24. Rxe8 Bxe8 25. Ne3 fxg5 26. Qxd6 gxf4 27. Qe5+ Qf6 28. Rxf4 Rg8+ 29. Kf2 1-0

[Event "Redbull chessmasters 2019"]
[Site "Istambul"]
[Date "2019.11.24"]
[Round "2.14"]
[White "Olcum, Ahmet"]
[Black "Cingoz, Ozan"]
[Result "0-1"]
[ECO "B25"]
[WhiteElo "2303"]
[BlackElo "2031"]
[Annotator "ChessBase"]
[PlyCount "88"]
[EventDate "2019.11.23"]
[EventType "k.o."]
[EventCountry "TUR"]
[SourceTitle "playchess.com"]
[Source "ChessBase"]
[SourceQuality "1"]
[TimeControl "600+5"]

1. e4 c5 2. d3 Nc6 3. g3 g6 4. Bg2 Bg7 5. Nf3 Nf6 6. O-O O-O 7. Nc3 d6 8. Nh4 Rb8 9. f4 Bd7 10. h3 b5 11. g4 b4 12. Ne2 a5 13. Ng3 a4 14. Rb1 Nd4 15. g5 Ne8 16. f5 a3 17. b3 Nb5 18. Bd2 Nc3 19. Bxc3 Bxc3 20. Ne2 Be5 21. Nf3 Bg7 22. Ng3 Nc7 23. Nh2 Nb5 24. Qf3 Nd4 25. Qg4 Nxc2 26. Qh4 Bd4+ 27. Kh1 Ne3 28. f6 exf6 29. gxf6 Nxf1 30. Rxf1 Rb6 31. Ng4 Bxg4 32. hxg4 d5 33. g5 c4 34. exd5 cxb3 35. Qxd4 bxa2 36. Qh4 b3 37. Qh6 Rxf6 38. gxf6 Qxf6 39. Rxf6 a1=Q+ 40. Rf1 b2 41. Nh5 b1=Q 42. Rxb1 Qxb1+ 43. Kh2 Qb2 44. d4 Qxd4 0-1

[Event "Redbull chessmasters 2019"]
[Site "Istambul"]
[Date "2019.11.24"]
[Round "2.15"]
[White "Can, Melih Kaan"]
[Black "Isik, Esref"]
[Result "1-0"]
[ECO "C02"]
[WhiteElo "2138"]
[BlackElo "1920"]
[Annotator "ChessBase"]
[PlyCount "61"]
[EventDate "2019.11.23"]
[EventType "k.o."]
[EventCountry "TUR"]
[SourceTitle "playchess.com"]
[Source "ChessBase"]
[SourceQuality "1"]
[TimeControl "600+5"]

1. e4 c5 2. Nf3 Nc6 3. c3 e6 4. d4 cxd4 5. cxd4 d5 6. e5 Bb4+ 7. Nc3 Nge7 8. Bd3 Nf5 9. O-O Bxc3 10. bxc3 Bd7 11. Ba3 Nce7 12. Rb1 Qc8 13. Qb3 Bc6 14. Nd2 f6 15. Rfe1 Kf7 16. Nf3 h5 17. Re2 b6 18. Rbe1 Bd7 19. c4 dxc4 20. Bxc4 b5 21. Bd3 a5 22. Bc5 a4 23. Qb1 g5 24. exf6 Kxf6 25. Ne5 Ra6 26. Nxd7+ Qxd7 27. Bxb5 Qb7 28. Bxa6 Qxa6 29. Qe4 Ng7 30. Qe5+ Kg6 31. Bxe7 1-0

[Event "Redbull chessmasters 2019"]
[Site "Istambul"]
[Date "2019.11.24"]
[Round "2.16"]
[White "Gur, Tuba"]
[Black "Yanik, Sural Emine"]
[Result "1-0"]
[ECO "D04"]
[WhiteElo "1782"]
[BlackElo "1834"]
[Annotator "NA"]
[PlyCount "69"]
[EventDate "2019.11.23"]
[EventType "k.o."]
[EventCountry "TUR"]
[SourceTitle "playchess.com"]
[Source "ChessBase"]
[SourceQuality "1"]
[TimeControl "600+5"]

1. Nf3 d5 2. d4 c6 3. e3 Nf6 4. Bd3 Bg4 5. O-O e6 6. c4 Bd6 7. Nbd2 O-O 8. Qb3 Qb6 9. c5 Qxb3 10. axb3 Bc7 11. b4 a6 12. b5 cxb5 13. Bxb5 Nc6 14. Bxc6 bxc6 15. Nb3 a5 16. Ra4 Rfb8 17. Nbd2 Bf5 18. b3 Rb4 19. Ba3 Rbb8 20. Ra1 Bc2 21. Bb4 h6 22. Bxa5 Bxa5 23. Rxa5 Rxa5 24. Rxa5 Bxb3 25. Ra6 Bc4 26. Rxc6 Ne4 27. h3 Rb2 28. Nxe4 dxe4 29. Ne5 Bd5 30. Rc8+ Kh7 31. Nxf7 Rb1+ 32. Kh2 Rc1 33. Rh8+ Kg6 34. Ne5+ Kf6 35. Rf8+ 1-0